 Dungeon Crawl Stone Soup version 0.31-a0-675-g238779eb0a (webtiles) character file.

Game seed: 6852019584070715955

9 Essalna the Conjurer (level 2, 20/20 HPs)
             Began as a Demonspawn Conjurer on Sept 5, 2023.
             Got out of the dungeon alive.
             The game lasted 00:00:59 (699 turns).

Essalna the Conjurer (Demonspawn Conjurer)           Turns: 699, Time: 00:01:00

Health: 20/20      AC:  3    Str:  7    XL:     2   Next: 3%
Magic:  5/5        EV: 12    Int: 19    God:
Gold:   5          SH:  0    Dex: 11    Spells: 4/5 levels left

rFire   . . .        h - +0 dagger (venom)
rCold   . . .        (no shield)
rNeg    . . .        a - +0 robe
rPois   .            (no helmet)
rElec   .            f - +0 cloak
rCorr   .            (no gloves)
SInv    .            (no boots)
Will    .....        d - amulet of magic regeneration
Stlth   ++           (no ring)
HPRegen 0.23/turn    (no ring)
MPRegen 0.49/turn

%: no passive effects
@: no status effects
A: hooves 1
a: no special abilities


You escaped.
You visited 1 branch of the dungeon, and saw 1 of its levels.

You collected 5 gold pieces.

Inventory:

Hand Weapons
 g - a +0 short sword
 h - a +0 dagger of venom (weapon)
Armour
 a - a +0 robe (worn)
 f - a +0 cloak (worn)
Jewellery
 d - an amulet of magic regeneration (around neck)
 e - a ring of ice
Potions
 b - a potion of magic
 c - a potion of lignification {unknown}


   Skills:
 + Level 0.7 Fighting
 - Level 1.7 Dodging
 - Level 1.7 Stealth
 + Level 2.2 Spellcasting
 + Level 4.1 Conjurations


You had 4 spell levels left.
You knew the following spells:

 Your Spells              Type           Power      Damage    Failure   Level
a - Magic Dart            Conj           68%        1d6       3%          1

Your spell library contained the following spells:

 Spells                   Type           Power      Damage    Failure   Level
 Searing Ray              Conj           34%        2d5       4%          2
 Apportation              Tloc           4%         N/A       17%         1
 Dazzling Flash           Conj/Hex       20%        N/A       22%         3
 Fulminant Prism          Conj/Hex       5%         3d7       56%         4
 Iskenderun's Mystic Bla  Conj/Tloc      10%        2d4       56%         4
 Alistair's Intoxication  Tmut/Pois      1%         N/A       99%         5


Dungeon Overview and Level Annotations

Branches:
Dungeon (1/15)

Altars:


Innate Abilities, Weirdness & Mutations

You have large cloven feet.


Message History

Found a whip.
A rat comes into view.
The magic dart hits the rat.
The rat is heavily wounded.
The magic dart hits the rat.
You kill the rat!
You can't see any susceptible monsters within range! (Use Z to cast anyway.)
Found a quarterstaff.
You see here a rat corpse.
Key pressed, stopping explore.
A giant cockroach comes into view.
A giant cockroach is nearby!
The magic dart hits the giant cockroach but does no damage.
The magic dart hits the giant cockroach.
The giant cockroach is severely wounded.
The magic dart hits the giant cockroach.
You kill the giant cockroach!
You can't see any susceptible monsters within range! (Use Z to cast anyway.)
You can't see any susceptible monsters within range! (Use Z to cast anyway.)
Found a stone staircase leading down.
There is a stone staircase leading down here.
Key pressed, stopping explore.
A ball python comes into view.
The magic dart hits the ball python.
You kill the ball python!
You can't see any susceptible monsters within range! (Use Z to cast anyway.)
You can't see any susceptible monsters within range! (Use Z to cast anyway.)
A goblin comes into view. It is wielding a +0 dagger.
A goblin is nearby!
The magic dart hits the goblin.
You kill the goblin!
You have reached level 2!
You feel monstrous as your demonic heritage exerts itself.
Your demonic ancestry asserts itself...
Your feet thicken and deform.
You see here a +0 quarterstaff.
You see here a rat corpse.
You see here a +0 club.
There is a staircase leading out of the dungeon here.
You have escaped!

#. # ####
#######..######
##...##....#...##
#..@.)..##..##..#
#
#.....####.###..##
# ##...### ###
##..### #####.####
#..#.. #.#....##
##...# ##...#...#
##.## #..####..###
###. #..#####...#
##..
##...##.#..####...


There were no monsters in sight!

Vanquished Creatures
  2 ball pythons (D:1)
  A giant cockroach (D:1)
  2 goblins (D:1)
  A hobgoblin (D:1)
  A rat (D:1)
7 creatures vanquished.

Notes
Turn   | Place    | Note
-------+----------+-------------------------------------------
     0 | D:1      | Essalna the Demonspawn Conjurer began the quest for the
                  | Orb.
     0 | D:1      | Reached XP level 1. HP: 13/13 MP: 3/3
   608 | D:1      | Discovered your monstrous ancestry.
   608 | D:1      | Gained mutation: You have large cloven feet. [demonic
                  | ancestry]
   608 | D:1      | Reached XP level 2. HP: 20/20 MP: 3/5
   699 | D:$      | Got out of the dungeon alive.

Illustrated notes

Levels and vault maps discovered:
D:1:      dpeg_cavernosity, layout_basic, minmay_domino_4

Action                     || total
---------------------------++-------
   Cast: Magic Dart        ||    12

Table legend: (Time is in decaauts)
 A = Elapsed time spent in this place.
 B = Non-inter-level travel time spent in this place.
 C = Inter-level travel time spent in this place.
 D = Time resting spent in this place.
 E = Time spent auto-exploring this place.
 F = Levels seen in this place.
 G = Mean time per level.
                   A        B        C        D        E       F      G
               +--------+--------+--------+--------+--------+-----+--------+
         Total |    698 |    566 |    132 |      0 |    507 |   1 |  698.0 |
       Dungeon |    698 |    566 |    132 |      0 |    507 |   1 |  698.0 |
               +--------+--------+--------+--------+--------+-----+--------+

Top non-repeatable levels by time:
     D:1: 698 daAuts
